 Dungeon Crawl Stone Soup version 0.29.1-1-gd02db6906a (webtiles) character file.

Game seed: 15691494834257478515

65 Aibolit the Trooper (level 4, -3/41 HPs)
             Began as a Hill Orc Fighter on Oct 5, 2022.
             Slain by Sigmund
             ... wielding a +0 scythe
              (10 damage)
             ... on level 3 of the Dungeon.
             The game lasted 00:02:38 (1972 turns).

Aibolit the Trooper (Hill Orc Fighter)              Turns: 1972, Time: 00:02:39

Health: -3/41      AC:  9    Str: 20    XL:     4   Next: 14%
Magic:  4/4        EV:  7    Int:  8    God:
Gold:   113        SH:  4    Dex: 10    Spells: 3/3 levels left

rFire   . . .      SeeInvis .   a - +0 war axe
rCold   . . .      Faith    .   c - +0 buckler
rNeg    . . .      Spirit   .   i - +0 chain mail
rPois   .          Reflect  .   (no helmet)
rElec   .          Harm     .   (no cloak)
rCorr   .          Rampage  .   (no gloves)
Will    .....                   (no boots)
Stlth   ..........              (no amulet)
HPRegen 0.13/turn               (no ring)
MPRegen 0.09/turn               (no ring)

@: no status effects
A: no striking features
a: no special abilities


You were on level 3 of the Dungeon.
You visited 1 branch of the dungeon, and saw 3 of its levels.

You collected 113 gold pieces.

Inventory:

Hand Weapons
 a - a +0 war axe (weapon)
Armour
 c - a +0 buckler (worn)
 i - a +0 chain mail (worn)
Scrolls
 g - a scroll of fear {unknown}
 h - a scroll of brand weapon
Potions
 b - a potion of brilliance {unknown}
 d - a potion of might
 e - 2 potions of attraction {unknown}
 f - a potion of curing {unknown}
 j - a potion of ambrosia {unknown}
 k - a potion of flight {unknown}


   Skills:
 + Level 4.3 Fighting
 + Level 3.7 Axes
 + Level 4.1 Armour
 + Level 0.2 Dodging
 + Level 3.4 Shields


You had 3 spell levels left.
You didn't know any spells.
Your spell library contained the following spells:

 Spells                   Type           Power      Damage    Failure   Level
 Magic Dart               Conj           0%         1d3       99%         1
 Searing Ray              Conj           0%         2d4       100%        2
 Fulminant Prism          Conj/Hex       0%         3d6       100%        4


Dungeon Overview and Level Annotations

Branches:
Dungeon (3/15)

Altars:

Shops:
D:2 [[

Annotations:
D:3 Sigmund


Message History

No target in view!
HP restored.
You see here a ball python corpse.
Sigmund the Dreaded comes into view.
He is wielding a +0 scythe.
Sigmund shouts!
Sigmund closely misses you. Sigmund gestures at you while chanting.
The puff of flame hits you but does no damage.
You closely miss Sigmund. Sigmund hits you but does no damage.
You hit Sigmund.
Sigmund is lightly wounded.
Sigmund mumbles some strange words.
Sigmund flickers and vanishes!
Deactivating autopickup; reactivate with Ctrl-A.
No target in view!
No target in view!
No target in view!
Something hits you!
You see here a ball python corpse.
A puff of flame appears from out of thin air!
The puff of flame hits you!
Something tries to affect you, but you resist.
A puff of flame appears from out of thin air!
The puff of flame hits you! Something hits you.
* * * LOW HITPOINT WARNING * * *
You are too injured to fight recklessly!
A puff of flame appears from out of thin air!
The puff of flame hits you.
* * * LOW HITPOINT WARNING * * *
You are confused.
You bump into the rock wall.
You bump into the rock wall.
Unknown command.
Something hits you but does no damage. Something hits you.
* * * LOW HITPOINT WARNING * * *
You feel less confused. Something hits you!
You die...

#.#
#.###########
#...........#
#.#########.#
#...........#
#..#####....#
#<)....#....#
#....#.#....#
#......#..@.#
#..#.###....#
#.#
#...........#
#.#
##.#........#
#.#.#
..........#
#.#.#
######...######
#.#.#
#...........#
#.#.#
#.....#####.#
#.#.# #######
#.# #.#.#


There were no monsters in sight!

Vanquished Creatures
  3 adders (D:2)
  A worm (D:2)
  2 dart slugs (D:1)
  2 giant cockroaches (D:2)
  A goblin (D:2)
  2 hobgoblins
  A quokka (D:1)
  6 ball pythons
  4 bats
  2 frilled lizards (D:1)
  6 kobolds
  4 rats
34 creatures vanquished.

Vanquished Creatures (others)
  A plant (D:1)
1 creature vanquished.

Grand Total: 35 creatures vanquished

Notes
Turn   | Place    | Note
-------+----------+-------------------------------------------
     0 | D:1      | Aibolit the Hill Orc Fighter began the quest for the Orb.
     0 | D:1      | Reached XP level 1. HP: 19/19 MP: 1/1
     3 | D:1      | Noticed an electric eel
     4 | D:1      | Noticed an electric eel
   344 | D:1      | Reached XP level 2. HP: 27/27 MP: 2/2
   359 | D:1      | Found a faded altar of an unknown god.
   942 | D:2      | Reached XP level 3. HP: 33/33 MP: 3/3
  1358 | D:2      | Found Ytsim's Antique Armour Emporium.
  1411 | D:2      | Reached XP level 4. HP: 38/41 MP: 4/4
  1765 | D:2      | Found Upnidoor's Antique Armour Shop.
  1930 | D:3      | Noticed Sigmund
  1972 | D:3      | Slain by Sigmund

Illustrated notes

Levels and vault maps discovered:
D:1:      arrival_aquarium_b, layout_rooms,
          shapermc_ecumenical_altar_mp_ritualfount, hex_large,
          kennysheep_flooded_box
D:2:      layout_basic, serial_shops, nicolae_shop_hallway_plus, shop
D:3:      layout_basic, fiery_altar_vehumet, uniq_sigmund

Skill      XL: |  1  2  3 |
---------------+----------+-----
Axes           | 3 |  3.7
Fighting       | 4 |  4.3
Armour         | 4 |  4.1
Dodging        | |  0.2
Shields        | |  3.4

Action                   |  1- 3 |  4- 6 || total
-------------------------+-------+-------++-------
Melee: War axe           |    82 |    24 ||   106
  Use: Scroll            |       |     1 ||     1
Armor: Scale mail        |    17 |       ||    17
       Chain mail        |    23 |    14 ||    37
Dodge: Dodged            |    43 |     8 ||    51
Block: Buckler           |    13 |     5 ||    18
